Map: Neon Violet Square LE

Players

asdf - Winner!

  • Race: Protoss Protoss
  • League: Gold
  • Spawn Location: 11:00

Flame

  • Race: Terran Terran
  • League: Gold
  • Spawn Location: 5:00

VOD

Have the link to the VOD?

Description

Time

  • Played on: March 7, 2025, 10 p.m.
  • Length: 8:03
Show
View Real Time Build Order
Export as new Build Order

asdf Protoss - Winner!

Build Orders: 1 Gate Expand, Blink Stalkers 

Get SALT Encoding   

  12  0:00  Probe  
  13  0:12  Probe  
  14  0:19  Pylon  
  14  0:24  Probe  
  15  0:33  Probe  
  15  0:41  Probe, Gateway  
  17  0:52  Assimilator  
  17  0:55  Probe  
  18  1:03  Probe  
  18  1:11  Probe  
  20  1:27  Nexus  
  20  1:41  Cybernetics Core  
  20  1:49  Pylon  
  20  1:57  Assimilator  
  20  1:58  Probe  
  21  2:07  Stalker  
  21  2:10  Probe  
  22  2:20  Warp Gate  
  22  2:22  Probe  
  25  2:38  Twilight Council, Probe  
  25  2:41  Probe  
  27  2:46  Probe  
  28  2:53  Probe  
  28  2:55  Stalker  
  28  2:56  Probe  
  32  3:06  Probe  
  32  3:07  Blink  
  32  3:08  Probe  
  34  3:15  Pylon  
  34  3:18  Probe  
  35  3:20  Probe  
  35  3:23  Gateway  
  36  3:30  Probe  
  36  3:32  Probe  
  36  3:34  Stalker  
  40  3:45  Probe  
  40  3:47  Pylon  
  41  3:48  Probe  
  41  3:53  Probe  
  42  3:59  Assimilator  
  42  4:00  Probe  
  44  4:02  Probe  
  44  4:06  Robotics Facility  
  45  4:12  Probe  
  45  4:13  Stalker  
  48  4:25  Gateway  
  48  4:27  Gateway  
  48  4:42  Pylon  
  48  4:43  Warp Prism, Pylon  
  48  4:44  Stalker x2  
  52  4:46  Shield Battery  
  52  4:51  Pylon  
  54  5:05  Pylon  
  54  5:07  Pylon  
  54  5:08  Stalker x2  
  58  5:37  Nexus  
  58  5:38  Pylon  
  58  5:40  Robotics Bay  
  58  5:42  Forge  
  58  5:58  Stalker x4  
  56  6:21  Stalker x4  
  62  6:38  Probe x2  
  64  6:45  Stalker  
  64  6:46  Stalker x3  
  72  6:50  Probe x2  
  68  7:01  Colossus  
  68  7:02  Probe x2  
  68  7:14  Probe x2  
  72  7:26  Probe  
  72  7:27  Probe  
  72  7:38  Probe  
  72  7:43  Stalker x4  
  73  7:52  Gateway  
  73  7:55  Gateway  
  73  8:00  Gateway  
Show
View Real Time Build Order
Export as new Build Order

Flame Terran 

Build Orders:  

Get SALT Encoding   

  12  0:00  SCV  
  13  0:12  SCV  
  14  0:18  Supply Depot  
  14  0:24  SCV  
  15  0:40  SCV  
  15  0:41  Barracks  
  16  0:52  SCV  
  17  1:00  Refinery  
  17  1:04  SCV  
  18  1:16  SCV  
  19  1:36  Marine  
  19  1:39  Orbital Command  
  20  1:49  Command Center  
  20  2:11  Barracks Reactor  
  20  2:32  SCV  
  21  2:37  Refinery  
  22  2:44  SCV  
  22  2:51  Factory  
  21  3:05  Marine x2  
  21  3:08  Supply Depot  
  23  3:13  Orbital Command  
  23  3:16  SCV  
  24  3:23  Marine x2  
  26  3:29  SCV  
  27  3:36  Barracks  
  27  3:39  SCV  
  27  3:41  SCV  
  29  3:42  Engineering Bay  
  29  3:43  Marine x2  
  29  3:45  Factory Tech Lab  
  31  3:49  Starport  
  31  3:51  SCV  
  31  3:53  SCV  
  33  4:03  SCV  
  33  4:05  SCV, Marine  
  36  4:15  SCV, Marine  
  38  4:17  SCV  
  38  4:23  Marine  
  40  4:27  SCV  
  40  4:29  SCV  
  42  4:32  Marine  
  42  4:36  Bunker  
  42  4:38  Terran Infantry Weapons Level 1  
  43  4:40  SCV  
  43  4:41  SCV, Marine  
  46  4:53  Starport Reactor  
  46  5:02  Supply Depot  
  46  5:03  Supply Depot  
  46  5:05  Barracks Tech Lab  
  46  5:23  Marine x2  
  46  5:24  SCV x2, Siege Tank  
  53  5:30  Supply Depot  
  53  5:31  Medivac x2  
  53  5:32  Supply Depot  
  53  5:33  Marine  
  58  5:36  SCV x2  
  58  5:41  Marine  
  61  5:43  Refinery  
  61  5:44  Refinery  
  61  5:47  Marine  
  62  5:51  SCV x2, Marine  
  62  5:52  Stimpack  
  62  5:56  Siege Tank  
  68  6:03  SCV x2  
  49  6:35  Medivac x2  
  49  6:36  Marine x2  
  49  6:37  Marine  
  51  6:46  Siege Tank  
  51  6:57  Command Center  
  47  7:10  Marine x2  
  43  7:27  Refinery  
  43  7:28  Refinery  
  42  7:32  Marine x2  
Tags
 
Add a new tag
Caveats
  • Supply blocks, unpowered buildings, or Contaminate may cause inaccurate times.
  • Supply counts are checked every 10 seconds.